AoeStats
← dolt34

Arena

506311958Analyzed
2v2 RM · 20d ago on Sep 13, 2026· 24m 43s· 4 players
Game mode
Random Map
Map size
Medium (4 player)
Population
200
Speed
Normal
Resources
Standard
Victory
Conquest
Starting age
Dark Age
Ending age
Imperial Age
RankedLock teamsTeams togetherTeam positionsShared explorationLock speedFull tech treeHidden civsTurbo modeCheats
Victory
Defeat
🇦🇷 Spanish · Argentina
1157
+17
🇦🇷 Japanese · Argentina
1157
+17
🇺🇸 Malay · United States
1170
-17
🇺🇸 Gurjaras · United States
1168
-17
Don Denucco
10:23 Feudal Age
12:01 Loom
14:49 Castle Age
14:41 Double-Bit Axe
17:31 Bow Saw
19:13 Horse Collar
DLLT Mauroski
10:38 Feudal Age
14:23 Castle Age
12:42 Double-Bit Axe
24:06 Bow Saw
23:38 Horse Collar
24:26 Gold Mining
basileus
12:41 Feudal Age
12:47 Feudal Age
16:27 Castle Age
14:24 Horse Collar
14:49 Double-Bit Axe
18:52 Gold Mining
21:13 Husbandry
21:21 Scale Barding Armor
24:08 Forging
dolt34
10:25 Feudal Age
14:08 Castle Age
13:00 Stone Mining
13:07 Loom
14:28 Double-Bit Axe
15:15 Town Watch
Connection lost

Rejoining the realm…

Still unreachable

The connection could not be restored.

Session expired

The server has moved on; the page needs a fresh start.